WCHLSIM.com - West Coast Hockey League
html PUBLIC "-//W3C//DTD XHTML 1.0 Transitional//EN" "http://www.w3.org/TR/xhtml1/DTD/xhtml1-transitional.dtd"> WCHL - Game 587 - REGINA FALCONS vs SAN FRANCISCO SPIDERS

REGINA FALCONS vs SAN FRANCISCO SPIDERS

Created - 7 janvier 2020 at 17:31

Goals
1 2 3 T
REGINA FALCONS 5 1 1 7
SAN FRANCISCO SPIDERS 2 2 0 4
Shots
1 2 3 T
REGINA FALCONS 16 11 13 40
SAN FRANCISCO SPIDERS 11 8 8 27

1st period

1. REGINA FALCONS , David Pastrnak 19 (Nazem Kadri 17, Marc-Edouard Vlasic 8) at 1:00 (PP)
2. SAN FRANCISCO SPIDERS , Calle Jarnkrok 1 (Ryan Getzlaf 10, Josh Leivo 11) at 4:17
3. REGINA FALCONS , Ryan Murray 3 (Max Pacioretty 18, Boone Jenner 21) at 4:57
4. REGINA FALCONS , Patrik Laine 5 (David Pastrnak 25, Nazem Kadri 18) at 10:40
5. SAN FRANCISCO SPIDERS , Ryan Getzlaf 7 (Alexander Kerfoot 12) at 10:50
6. REGINA FALCONS , David Pastrnak 20 (Boone Jenner 22) at 17:56
7. REGINA FALCONS , David Pastrnak 21 (Boone Jenner 23, Marc-Edouard Vlasic 9) at 18:13

Penalties :
Tyler Wotherspoon (SAF) for Roughing (Minor) at 0:31, Blake Comeau (REG) for Roughing (Minor) at 1:44, Joel Edmundson (REG) for Roughing (Minor) at 8:31

2nd period

8. SAN FRANCISCO SPIDERS , Dominik Simon 6 (Danton Heinen 9) at 2:29
9. REGINA FALCONS , Brandon Saad 10 (Ryan Murray 15) at 2:54
10. SAN FRANCISCO SPIDERS , Andrei Svechnikov 11 (Sean Walker 6, Gabriel Bourque 4) at 5:52

Penalties :
Antti Niemi (SAF) for Slashing (Minor) at 3:16 - Seth Helgeson served the penalty., Seth Helgeson (SAF) for Roughing (Double Minor) at 18:33

3rd period

11. REGINA FALCONS , David Pastrnak 22 (Sami Vatanen 9, Nazem Kadri 19) at 15:38 (PP)

Penalties :
Josh Leivo (SAF) for Hooking (Minor) at 14:58

Goalie Stats

Frederik Andersen (REG), 23 saves from 27 shots - (0,852), W, 14-12-3, 60:00 minutes
Antti Niemi (SAF), 21 saves from 22 shots - (0,955), 37:06 minutes
Eddie Lack (SAF), 12 saves from 18 shots - (0,667), L, 1-12-1, 22:54 minutes

Players Stats for REGINA FALCONS

Player Name              G  A  P  +/- PIM S  H  SB GA TA FO     MP     PP MP  PK MP  
------------------------------------------------------------------------------------
Ben Harpur               0  0  0   0  0   1  3  0  0  0  0/0    18:22   0:16   2:04 
Blake Comeau             0  0  0   0  2   1  3  0  0  0  0/0    12:49   3:46   0:49 
Boone Jenner             0  3  3   3  0   7  2  0  0  0  12/21  21:16   3:11   1:43 
Brandon Saad             1  0  1  -1  0   5  1  1  0  0  0/1    21:21   0:00   2:12 
Brian Gibbons            0  0  0  -1  0   3  0  0  0  0  2/10   13:11   0:00   1:46 
David Pastrnak           4  1  5   4  0   9  1  0  0  0  0/1    21:16   3:21   0:00 
Frederick Gaudreau       0  0  0   1  0   1  0  0  0  0  2/11    7:38   0:00   1:15 
Joel Edmundson           0  0  0   0  2   0  1  1  0  0  0/0     8:36   0:00   0:57 
Jonathan Miller          0  0  0   0  0   0  0  0  0  0  1/1     0:27   0:00   0:11 
Marc-Edouard Vlasic      0  2  2  -1  0   2  1  1  0  0  0/0    21:41   2:07   1:30 
Matt Martin              0  0  0  -1  0   2  2  0  0  0  0/0    11:25   0:00   0:00 
Max Pacioretty           0  1  1   3  0   1  2  0  0  0  0/0    19:33   3:11   0:00 
Nazem Kadri              0  3  3  -2  0   4  2  0  0  0  13/26  18:41   3:56   0:00 
Patrik Laine             1  0  1  -2  0   1  0  0  0  0  0/0    18:41   3:56   0:00 
Ron Hainsey              0  0  0  -1  0   1  0  0  0  0  0/0    23:09   2:23   0:57 
Ryan Murray              1  1  2   2  0   1  0  1  0  0  0/0    21:37   4:44   0:00 
Sami Vatanen             0  1  1   2  0   1  0  0  0  0  0/0    24:52   4:44   2:28 
Valeri Nichushkin        0  0  0  -1  0   0  0  0  0  0  0/0    11:25   0:00   0:00 

Players Stats for SAN FRANCISCO SPIDERS

Player Name              G  A  P  +/- PIM S  H  SB GA TA FO     MP     PP MP  PK MP  
------------------------------------------------------------------------------------
Alexander Kerfoot        0  1  1   0  0   1  0  0  0  0  0/1    11:32   1:50   0:00 
Andrei Svechnikov        1  0  1   0  0   2  0  1  0  0  0/0    13:30   0:00   0:00 
Calle Jarnkrok           1  0  1   0  0   5  0  0  0  0  1/1    17:27   2:08   4:46 
Danton Heinen            0  1  1  -1  0   3  0  2  0  0  7/15   17:34   0:00   2:21 
David Sklenicka          0  0  0  -2  0   0  0  0  0  0  0/0    22:08   1:50   4:13 
Dominik Simon            1  0  1   0  0   4  1  2  0  0  1/1    16:53   1:50   0:00 
Gabriel Bourque          0  1  1   0  0   1  0  0  0  0  0/3    17:56   2:08   2:21 
Josh Leivo               0  1  1  -1  2   3  1  1  0  0  0/0    10:42   0:00   0:00 
Mark Alt                 0  0  0  -3  0   0  1  0  0  0  0/0    17:14   0:00   0:02 
Matt Hendricks           0  0  0   0  0   0  1  0  0  0  5/11   11:32   1:50   0:00 
Niko Mikkola             0  0  0   2  0   0  1  0  0  0  0/0    19:01   0:00   4:10 
Ryan Getzlaf             1  1  2   0  0   8  0  2  0  0  12/21  24:58   0:00   4:46 
Sean Walker              0  1  1   0  0   0  1  2  0  0  0/0    21:55   2:08   2:55 
Seth Helgeson            0  0  0   1  4   0  2  0  0  0  0/0    19:58   1:50   0:22 
Taylor Leier             0  0  0  -1  0   0  0  0  0  0  0/0    15:13   0:00   0:00 
Tomas Plekanec           0  0  0   0  0   0  0  0  0  0  15/18  15:35   2:08   0:00 
Tyler Myers              0  0  0   0  0   0  0  0  0  0  0/0     0:02   0:00   0:02 
Tyler Wotherspoon        0  0  0   0  2   0  4  1  0  0  0/0    19:40   2:08   2:30 

3 Stars

1 - David Pastrnak (REG)
2 - Boone Jenner (REG)
3 - Ryan Murray (REG)

Power Play

REGINA FALCONS - 2 on 5 Attempt(s) - 40,00%
SAN FRANCISCO SPIDERS - 0 on 2 Attempt(s) - 0,00%

Penalty Kill

REGINA FALCONS - 2 on 2 Attempt(s) - 100,00% - Score 0 goal in Penalty Kill
SAN FRANCISCO SPIDERS - 3 on 5 Attempt(s) - 60,00% - Score 0 goal in Penalty Kill

Team Stat

REGINA FALCONS - Hits : 18 - Faceoff Wins : 30 - Blocked Shots : 4 - Penalty Minutes : 4
SAN FRANCISCO SPIDERS - Hits : 12 - Faceoff Wins : 41 - Blocked Shots : 11 - Penalty Minutes : 10

Official

Referees : Francois StLaurent and Kendrick Nicholson
Linesman : Matt MacPherson and Kory Nagy

Game Notes

Jonathan Miller is injured at 3:46 of 1st period (Upper Body)
David Pastrnak has scored a Hat Trick!
Antti Niemi enters game at 2:54 of 2nd period
Joel Edmundson is injured at 12:13 of 2nd period (Right Hand)

Finance

Level 1 -- Attendance: 5742 (94,05%) -- Ticket Income 746 460 $
Level 2 -- Attendance: 4424 (85,41%) -- Ticket Income 358 344 $
Level 3 -- Attendance: 1837 (90,27%) -- Ticket Income 112 057 $
Level 4 -- Attendance: 4102 (98,13%) -- Ticket Income 164 080 $
Luxury Box -- Attendance: 706 (70,60%) -- Ticket Income 183 560 $
Game was played at the Bay Area Sports Center.
Total Attendance: 16811 (90,87%)
Total Ticket Income: 1 564 501 $
Other Income: 469 350 $
Total Income: 2 033 851 $

REGINA FALCONS

5 vs 5 Forward 
   Center                   Left Wing                Right Wing               Time % Phy DF OF 
 1 Boone Jenner             Max Pacioretty           David Pastrnak           35     1   1  3  
 2 Nazem Kadri              Patrik Laine             Jonathan Miller          32     1   1  3  
 3 Frederick Gaudreau       Brandon Saad             Blake Comeau             19     1   2  2  
 4 Brian Gibbons            Matt Martin              Valeri Nichushkin        14     2   2  1  

5 vs 5 Defense 
   Defense                  Defense                                           Time % Phy DF OF 
 1 Marc-Edouard Vlasic      Ron Hainsey                                       38     0   3  2  
 2 Ryan Murray              Sami Vatanen                                      35     0   2  3  
 3 Joel Edmundson           Ben Harpur                                        27     1   3  1  
 4 Joel Edmundson           Ron Hainsey                                       0      1   2  2  

PowerPlay Forward 
   Center                   Left Wing                Right Wing               Time % Phy DF OF 
 1 Nazem Kadri              Patrik Laine             David Pastrnak           55     0   0  5  
 2 Boone Jenner             Max Pacioretty           Jonathan Miller          45     0   0  5  

PowerPlay Defense
   Defense                  Defense                                           Time % Phy DF OF 
 1 Sami Vatanen             Ryan Murray                                       55     0   1  4  
 2 Marc-Edouard Vlasic      Ron Hainsey                                       45     0   2  3  

Penalty Kill 4 Players Forward 
   Center                   Wing                     Time % Phy DF OF 
 1 Frederick Gaudreau       Brandon Saad             55     0   4  1  
 2 Brian Gibbons            Blake Comeau             45     0   4  1  

Penalty Kill 4 Players Defense
   Defense                  Defense                  Time % Phy DF OF 
 1 Sami Vatanen             Joel Edmundson           55     0   5  0  
 2 Ben Harpur               Marc-Edouard Vlasic      45     0   5  0  

Penalty Kill - 3 Players Forward 
   Forward                                           Time % Phy DF OF 
 1 Jonathan Miller                                   55     0   5  0  
 2 Brian Gibbons                                     45     0   5  0  

Penalty Kill - 3 Players Defense
   Defense                  Defense                  Time % Phy DF OF 
 1 Sami Vatanen             Joel Edmundson           55     0   5  0  
 2 Ben Harpur               Marc-Edouard Vlasic      45     0   5  0  

4 vs 4 Forward 
   Center                   Wing                     Time % Phy DF OF 
 1 Jonathan Miller          David Pastrnak           55     1   1  3  
 2 Nazem Kadri              Max Pacioretty           45     1   1  3  

4 vs 4 Defense
   Defense                  Defense                  Time % Phy DF OF 
 1 Ron Hainsey              Ryan Murray              55     0   2  3  
 2 Marc-Edouard Vlasic      Sami Vatanen             45     1   2  2  

Last Minutes Offensive
   Center                   Left Wing                Right Wing               Defense                  Defense                  
   Jonathan Miller          Max Pacioretty           David Pastrnak           Marc-Edouard Vlasic      Ryan Murray              

Last Minutes Defensive
   Center                   Left Wing                Right Wing               Defense                  Defense                  
   Boone Jenner             Brandon Saad             Blake Comeau             Marc-Edouard Vlasic      Ron Hainsey              

Goaltenders
Starting : Frederik Andersen        
Backup : Anton Khudobin           

Extra Forwards
Normal : Brandon Saad, Patrik Laine, Jonathan Miller - PP : Max Pacioretty, Jonathan Miller - PK : Boone Jenner
Extra Defensemen
Normal : Joel Edmundson, Sami Vatanen, Ryan Murray - PP : Sami Vatanen - PK : Joel Edmundson, Ron Hainsey
Penalty Shots
Nazem Kadri, Patrik Laine, David Pastrnak, Max Pacioretty, Jonathan Miller
Custom OT Lines Forwards
David Pastrnak, Brandon Saad, Boone Jenner, Max Pacioretty, Jonathan Miller, Nazem Kadri, Patrik Laine, Blake Comeau, Brian Gibbons, Valeri Nichushkin
Custom OT Lines Defensemen
Marc-Edouard Vlasic, Ron Hainsey, Ryan Murray, Sami Vatanen, Joel Edmundson

Scratches
Antti Suomela (Broken Right Thumb Injury)

SAN FRANCISCO SPIDERS

5 vs 5 Forward 
   Center                   Left Wing                Right Wing               Time % Phy DF OF 
 1 Ryan Getzlaf             Calle Jarnkrok           Josh Leivo               25     1   4  0  
 2 Danton Heinen            Taylor Leier             Dominik Simon            25     1   4  0  
 3 Tomas Plekanec           Gabriel Bourque          Andrei Svechnikov        25     1   2  2  
 4 Matt Hendricks           Alexander Kerfoot        Ryan Getzlaf             25     1   4  0  

5 vs 5 Defense 
   Defense                  Defense                                           Time % Phy DF OF 
 1 Seth Helgeson            Niko Mikkola                                      30     1   4  0  
 2 Sean Walker              Tyler Wotherspoon                                 30     1   4  0  
 3 Mark Alt                 David Sklenicka                                   30     1   4  0  
 4 Seth Helgeson            Sean Walker                                       10     1   4  0  

PowerPlay Forward 
   Center                   Left Wing                Right Wing               Time % Phy DF OF 
 1 Tomas Plekanec           Calle Jarnkrok           Gabriel Bourque          55     1   4  0  
 2 Matt Hendricks           Alexander Kerfoot        Dominik Simon            45     1   4  0  

PowerPlay Defense
   Defense                  Defense                                           Time % Phy DF OF 
 1 David Sklenicka          Seth Helgeson                                     55     1   4  0  
 2 Sean Walker              Tyler Wotherspoon                                 45     1   4  0  

Penalty Kill 4 Players Forward 
   Center                   Wing                     Time % Phy DF OF 
 1 Ryan Getzlaf             Calle Jarnkrok           55     1   4  0  
 2 Gabriel Bourque          Danton Heinen            45     1   4  0  

Penalty Kill 4 Players Defense
   Defense                  Defense                  Time % Phy DF OF 
 1 Niko Mikkola             Seth Helgeson            55     1   4  0  
 2 Sean Walker              Tyler Wotherspoon        45     1   4  0  

Penalty Kill - 3 Players Forward 
   Forward                                           Time % Phy DF OF 
 1 Ryan Getzlaf                                      55     1   4  0  
 2 Calle Jarnkrok                                    45     1   4  0  

Penalty Kill - 3 Players Defense
   Defense                  Defense                  Time % Phy DF OF 
 1 Seth Helgeson            Niko Mikkola             55     1   4  0  
 2 Sean Walker              Tyler Wotherspoon        45     1   4  0  

4 vs 4 Forward 
   Center                   Wing                     Time % Phy DF OF 
 1 Alexander Kerfoot        Calle Jarnkrok           55     1   4  0  
 2 Ryan Getzlaf             Gabriel Bourque          45     1   4  0  

4 vs 4 Defense
   Defense                  Defense                  Time % Phy DF OF 
 1 Seth Helgeson            David Sklenicka          55     1   4  0  
 2 Sean Walker              Tyler Wotherspoon        45     1   4  0  

Last Minutes Offensive
   Center                   Left Wing                Right Wing               Defense                  Defense                  
   Matt Hendricks           Taylor Leier             Gabriel Bourque          Mark Alt                 Niko Mikkola             

Last Minutes Defensive
   Center                   Left Wing                Right Wing               Defense                  Defense                  
   Alexander Kerfoot        Ryan Getzlaf             Dominik Simon            Mark Alt                 Niko Mikkola             

Goaltenders
Starting : Eddie Lack               
Backup : Antti Niemi              

Extra Forwards
Normal : Calle Jarnkrok, Josh Leivo, Gabriel Bourque - PP : Taylor Leier, Josh Leivo - PK : Gabriel Bourque
Extra Defensemen
Normal : Seth Helgeson, David Sklenicka, Sean Walker - PP : Seth Helgeson - PK : David Sklenicka, Sean Walker
Penalty Shots
Ryan Getzlaf, Calle Jarnkrok, Gabriel Bourque, Danton Heinen, Alexander Kerfoot
Custom OT Lines Forwards
Taylor Leier, Calle Jarnkrok, Ryan Getzlaf, Danton Heinen, Alexander Kerfoot, Dominik Simon, Josh Leivo, Gabriel Bourque, Tomas Plekanec, Matt Hendricks
Custom OT Lines Defensemen
Niko Mikkola, David Sklenicka, Sean Walker, Tyler Wotherspoon, Seth Helgeson

Scratches
Karl Alzner (Sprained Left Finger Injury), Andrew O'Brien (Healthy), Stefan LeBlanc (Healthy), David Schlemko (Separated Right Shoulder Injury), Jake Horton (Healthy)
Jake Lucchini (Healthy), Jesse Graham (Healthy), Nico Sturm (Sprained Left Finger Injury), Samuel Kurker (Healthy), Ryan McGregor (Healthy)
Sven Andrighetto (Fractured Metatarsal (Right Foot) Injury), Zach Frye (Healthy), Jimmy Howard (Healthy)

% Time on Ice - REGINA FALCONS

Lines # - Real PCT - Wanted PCT - Time Play
Normal Forward
1 - 33% - 35% - 16:22
2 - 30% - 32% - 14:45
3 - 13% - 19% - 6:23
4 - 23% - 14% - 11:25
Normal Defense
1 - 31% - 38% - 15:23
2 - 31% - 35% - 14:59
3 - 34% - 27% - 16:32
4 - 4% - 0% - 2:01
PP Forward
1 - 55% - 55% - 3:56
2 - 45% - 45% - 3:11
PP Defense
1 - 67% - 55% - 4:44
2 - 33% - 45% - 2:23
PK Forward
1 - 55% - 55% - 2:12
2 - 45% - 45% - 1:46
PK Defense
1 - 62% - 55% - 2:28
2 - 38% - 45% - 1:30
PK3 Forward
1 - 0% - 55%
2 - 0% - 45%
PK3 Defense
1 - 0% - 55%
2 - 0% - 45%
44 Forward
1 - 0% - 55%
2 - 0% - 45%
44 Defense
1 - 0% - 55%
2 - 0% - 45%
Last Minute Offensive  - 0:00
Last Minute Defensive  - 0:00
Total
Forward - 60:00
Defense - 60:00

% Time on Ice - SAN FRANCISCO SPIDERS

Lines # - Real PCT - Wanted PCT - Time Play
Normal Forward
1 - 22% - 25% - 10:33
2 - 31% - 25% - 15:13
3 - 27% - 25% - 13:27
4 - 20% - 25% - 9:42
Normal Defense
1 - 30% - 30% - 14:51
2 - 31% - 30% - 15:03
3 - 34% - 30% - 16:48
4 - 5% - 10% - 2:13
PP Forward
1 - 54% - 55% - 2:08
2 - 46% - 45% - 1:50
PP Defense
1 - 46% - 55% - 1:50
2 - 54% - 45% - 2:08
PK Forward
1 - 67% - 55% - 4:46
2 - 33% - 45% - 2:21
PK Defense
1 - 59% - 55% - 4:12
2 - 41% - 45% - 2:55
PK3 Forward
1 - 0% - 55%
2 - 0% - 45%
PK3 Defense
1 - 0% - 55%
2 - 0% - 45%
44 Forward
1 - 0% - 55%
2 - 0% - 45%
44 Defense
1 - 0% - 55%
2 - 0% - 45%
Last Minute Offensive  - 0:00
Last Minute Defensive  - 0:00
Total
Forward - 60:00
Defense - 60:00

Play-by-Play

1st period


0:01 of 1st period - Boone Jenner wins face-off versus Ryan Getzlaf in neutral zone.
0:14 of 1st period - Shot by David Pastrnak.
0:14 of 1st period - Stopped by Eddie Lack with a rebound.
0:16 of 1st period - Shot by Ron Hainsey.
0:16 of 1st period - Shot Blocked by Josh Leivo.
0:18 of 1st period - Shot by Boone Jenner.
0:18 of 1st period - Stopped by Eddie Lack without a rebound.
0:19 of 1st period - Danton Heinen wins face-off versus Nazem Kadri in SAN FRANCISCO SPIDERS zone.
0:31 of 1st period - Minor Penalty to Tyler Wotherspoon for Roughing.
0:32 of 1st period - Ryan Getzlaf wins face-off versus Nazem Kadri in SAN FRANCISCO SPIDERS zone.
1:00 of 1st period - Shot by David Pastrnak.
1:00 of 1st period - Goal by David Pastrnak - REGINA FALCONS : 1 - SAN FRANCISCO SPIDERS : 0.
1:01 of 1st period - Frederick Gaudreau wins face-off versus Matt Hendricks in neutral zone.
1:10 of 1st period - Shot by Alexander Kerfoot.
1:10 of 1st period - Shot Blocked by Brandon Saad.
1:44 of 1st period - Minor Penalty to Blake Comeau for Roughing.
1:45 of 1st period - Tomas Plekanec wins face-off versus Brian Gibbons in REGINA FALCONS zone.
1:52 of 1st period - Shot by Calle Jarnkrok.
1:52 of 1st period - Stopped by Frederik Andersen without a rebound.
1:53 of 1st period - Tomas Plekanec wins face-off versus Frederick Gaudreau in REGINA FALCONS zone.
2:27 of 1st period - Shot by Calle Jarnkrok.
2:27 of 1st period - Stopped by Frederik Andersen with a rebound.
2:29 of 1st period - Shot by Tyler Wotherspoon.
2:29 of 1st period - Shot Blocked by Marc-Edouard Vlasic.
2:46 of 1st period - Icing by Dominik Simon.
2:47 of 1st period - Matt Hendricks wins face-off versus Brian Gibbons in SAN FRANCISCO SPIDERS zone.
2:54 of 1st period - Shot by Dominik Simon.
2:54 of 1st period - Stopped by Frederik Andersen without a rebound.
2:55 of 1st period - Matt Hendricks wins face-off versus Brian Gibbons in REGINA FALCONS zone.
3:24 of 1st period - Shot by Dominik Simon.
3:24 of 1st period - Deflect By Alexander Kerfoot.
3:24 of 1st period - Shot Misses the Net.
3:44 of 1st period - Shot by Calle Jarnkrok.
3:44 of 1st period - Stopped by Frederik Andersen without a rebound.
3:45 of 1st period - Jonathan Miller wins face-off versus Ryan Getzlaf in REGINA FALCONS zone.
3:45 of 1st period - Jonathan Miller is hit by Josh Leivo.
3:46 of 1st period - Jonathan Miller from REGINA FALCONS is injured at 3:46 of 1st period (Upper Body).
3:47 of 1st period - Nazem Kadri wins face-off versus Ryan Getzlaf in REGINA FALCONS zone.
4:15 of 1st period - Shot by Ryan Getzlaf.
4:15 of 1st period - Shot Misses the Net.
4:17 of 1st period - Shot by Calle Jarnkrok.
4:17 of 1st period - Goal by Calle Jarnkrok - REGINA FALCONS : 1 - SAN FRANCISCO SPIDERS : 1.
4:18 of 1st period - Tomas Plekanec wins face-off versus Boone Jenner in neutral zone.
4:51 of 1st period - Shot by David Pastrnak.
4:51 of 1st period - Shot Misses the Net.
4:53 of 1st period - Shot by Boone Jenner.
4:53 of 1st period - Stopped by Eddie Lack with a rebound.
4:55 of 1st period - Shot by Max Pacioretty.
4:55 of 1st period - Shot Misses the Net.
4:57 of 1st period - Shot by Ryan Murray.
4:57 of 1st period - Goal by Ryan Murray - REGINA FALCONS : 2 - SAN FRANCISCO SPIDERS : 1.
4:58 of 1st period - Danton Heinen wins face-off versus Nazem Kadri in neutral zone.
5:09 of 1st period - Nazem Kadri is hit by Dominik Simon and loses puck.
6:02 of 1st period - Shot by Alexander Kerfoot.
6:02 of 1st period - Stopped by Frederik Andersen without a rebound.
6:03 of 1st period - Tomas Plekanec wins face-off versus Boone Jenner in REGINA FALCONS zone.
6:08 of 1st period - Shot by Andrei Svechnikov.
6:08 of 1st period - Stopped by Frederik Andersen without a rebound.
6:09 of 1st period - Ryan Getzlaf wins face-off versus Boone Jenner in REGINA FALCONS zone.
6:44 of 1st period - Ryan Getzlaf is hit by Boone Jenner and loses puck.
7:15 of 1st period - Shot by Brian Gibbons.
7:15 of 1st period - Stopped by Eddie Lack without a rebound.
7:16 of 1st period - Danton Heinen wins face-off versus Frederick Gaudreau in SAN FRANCISCO SPIDERS zone.
7:16 of 1st period - Dominik Simon is hit by Blake Comeau and loses puck.
8:21 of 1st period - Shot by Gabriel Bourque.
8:21 of 1st period - Shot Misses the Net.
8:30 of 1st period - Gabriel Bourque is hit by Ben Harpur and loses puck.
8:31 of 1st period - Minor Penalty to Joel Edmundson for Roughing.
8:32 of 1st period - Brian Gibbons wins face-off versus Matt Hendricks in REGINA FALCONS zone.
8:48 of 1st period - Shot by Alexander Kerfoot.
8:48 of 1st period - Deflect By Dominik Simon.
8:48 of 1st period - Stopped by Frederik Andersen without a rebound.
8:49 of 1st period - Tomas Plekanec wins face-off versus Brian Gibbons in REGINA FALCONS zone.
10:40 of 1st period - Shot by David Pastrnak.
10:40 of 1st period - Deflect By Patrik Laine.
10:40 of 1st period - Goal by Patrik Laine - REGINA FALCONS : 3 - SAN FRANCISCO SPIDERS : 1.
10:41 of 1st period - Ryan Getzlaf wins face-off versus Nazem Kadri in neutral zone.
10:48 of 1st period - Shot by Alexander Kerfoot.
10:48 of 1st period - Shot Misses the Net.
10:50 of 1st period - Shot by Ryan Getzlaf.
10:50 of 1st period - Goal by Ryan Getzlaf - REGINA FALCONS : 3 - SAN FRANCISCO SPIDERS : 2.
10:51 of 1st period - Boone Jenner wins face-off versus Danton Heinen in neutral zone.
12:42 of 1st period - Shot by Brian Gibbons.
12:42 of 1st period - Shot Blocked by Andrei Svechnikov.
12:44 of 1st period - Shot by Ben Harpur.
12:44 of 1st period - Stopped by Eddie Lack with a rebound.
13:12 of 1st period - Shot by Boone Jenner.
13:12 of 1st period - Shot Misses the Net.
13:17 of 1st period - Icing by Andrei Svechnikov.
13:18 of 1st period - Tomas Plekanec wins face-off versus Boone Jenner in SAN FRANCISCO SPIDERS zone.
13:33 of 1st period - Marc-Edouard Vlasic is hit by Seth Helgeson and loses puck.
14:23 of 1st period - Shot by Nazem Kadri.
14:23 of 1st period - Stopped by Eddie Lack with a rebound.
14:31 of 1st period - Shot by Danton Heinen.
14:31 of 1st period - Stopped by Frederik Andersen with a rebound.
14:42 of 1st period - Patrik Laine is hit by Mark Alt and loses puck.
16:48 of 1st period - Shot by Boone Jenner.
16:48 of 1st period - Shot Misses the Net.
17:25 of 1st period - Shot by Patrik Laine.
17:25 of 1st period - Shot Misses the Net.
17:56 of 1st period - Shot by David Pastrnak.
17:56 of 1st period - Goal by David Pastrnak - REGINA FALCONS : 4 - SAN FRANCISCO SPIDERS : 2.
17:57 of 1st period - Boone Jenner wins face-off versus Danton Heinen in neutral zone.
18:09 of 1st period - Shot by David Pastrnak.
18:09 of 1st period - Shot Misses the Net.
18:11 of 1st period - Shot by Boone Jenner.
18:11 of 1st period - Stopped by Eddie Lack with a rebound.
18:13 of 1st period - Shot by David Pastrnak.
18:13 of 1st period - Goal by David Pastrnak - REGINA FALCONS : 5 - SAN FRANCISCO SPIDERS : 2.
18:14 of 1st period - Danton Heinen wins face-off versus Brian Gibbons in neutral zone.
18:16 of 1st period - Dominik Simon is hit by Matt Martin.
18:32 of 1st period - Shot by Matt Martin.
18:32 of 1st period - Stopped by Eddie Lack with a rebound.
18:34 of 1st period - Shot by Brian Gibbons.
18:34 of 1st period - Stopped by Eddie Lack with a rebound.
18:57 of 1st period - Icing by Danton Heinen.
18:58 of 1st period - Danton Heinen wins face-off versus Frederick Gaudreau in SAN FRANCISCO SPIDERS zone.
19:18 of 1st period - Shot by Brandon Saad.
19:18 of 1st period - Stopped by Eddie Lack with a rebound.
19:40 of 1st period - Shot by Blake Comeau.
19:40 of 1st period - Stopped by Eddie Lack with a rebound.
19:50 of 1st period - Shot by Ryan Getzlaf.
19:50 of 1st period - Stopped by Frederik Andersen without a rebound.
19:51 of 1st period - Tomas Plekanec wins face-off versus Boone Jenner in REGINA FALCONS zone.
Goals for this period are 5 for REGINA FALCONS vs 2 for SAN FRANCISCO SPIDERS.
Shots for this period are 16 for REGINA FALCONS vs 11 for SAN FRANCISCO SPIDERS.

2nd period


0:01 of 2nd period - Boone Jenner wins face-off versus Alexander Kerfoot in neutral zone.
0:12 of 2nd period - Shot by Max Pacioretty.
0:12 of 2nd period - Shot Blocked by Ryan Getzlaf.
0:14 of 2nd period - Shot by Ron Hainsey.
0:14 of 2nd period - Stopped by Eddie Lack without a rebound.
0:15 of 2nd period - Nazem Kadri wins face-off versus Tomas Plekanec in SAN FRANCISCO SPIDERS zone.
0:32 of 2nd period - Shot by Patrik Laine.
0:32 of 2nd period - Shot Misses the Net.
1:01 of 2nd period - Gabriel Bourque is hit by Nazem Kadri and loses puck.
2:19 of 2nd period - Dominik Simon is hit by Joel Edmundson.
2:23 of 2nd period - Shot by Dominik Simon.
2:23 of 2nd period - Shot Hit the Post.
2:25 of 2nd period - Shot by Danton Heinen.
2:25 of 2nd period - Shot Misses the Net.
2:27 of 2nd period - Shot by Danton Heinen.
2:27 of 2nd period - Deflect By Dominik Simon.
2:27 of 2nd period - Stopped by Frederik Andersen with a rebound.
2:29 of 2nd period - Shot by Dominik Simon.
2:29 of 2nd period - Goal by Dominik Simon - REGINA FALCONS : 5 - SAN FRANCISCO SPIDERS : 3.
2:30 of 2nd period - Ryan Getzlaf wins face-off versus Frederick Gaudreau in neutral zone.
2:54 of 2nd period - Shot by Brandon Saad.
2:54 of 2nd period - Goal by Brandon Saad - REGINA FALCONS : 6 - SAN FRANCISCO SPIDERS : 3.
2:54 of 2nd period - Antti Niemi enters game.
2:55 of 2nd period - Nazem Kadri wins face-off versus Danton Heinen in neutral zone.
3:06 of 2nd period - Danton Heinen is hit by Ben Harpur.
3:16 of 2nd period - Shot by Nazem Kadri.
3:16 of 2nd period - Stopped by Antti Niemi without a rebound.
3:16 of 2nd period - Minor Penalty to Antti Niemi for Slashing.
3:17 of 2nd period - Boone Jenner wins face-off versus Ryan Getzlaf in SAN FRANCISCO SPIDERS zone.
3:42 of 2nd period - Shot by Calle Jarnkrok.
3:42 of 2nd period - Stopped by Frederik Andersen without a rebound.
3:43 of 2nd period - Nazem Kadri wins face-off versus Gabriel Bourque in REGINA FALCONS zone.
3:55 of 2nd period - Shot by Nazem Kadri.
3:55 of 2nd period - Stopped by Antti Niemi without a rebound.
3:56 of 2nd period - Calle Jarnkrok wins face-off versus Boone Jenner in SAN FRANCISCO SPIDERS zone.
4:27 of 2nd period - Shot by Boone Jenner.
4:27 of 2nd period - Shot Misses the Net.
5:30 of 2nd period - Shot by Brian Gibbons.
5:30 of 2nd period - Stopped by Antti Niemi with a rebound.
5:37 of 2nd period - Icing by Dominik Simon.
5:38 of 2nd period - Nazem Kadri wins face-off versus Danton Heinen in SAN FRANCISCO SPIDERS zone.
5:39 of 2nd period - Shot by Marc-Edouard Vlasic.
5:39 of 2nd period - Stopped by Antti Niemi without a rebound.
5:40 of 2nd period - Tomas Plekanec wins face-off versus Nazem Kadri in SAN FRANCISCO SPIDERS zone.
5:40 of 2nd period - Tomas Plekanec is hit by Nazem Kadri.
5:47 of 2nd period - Gabriel Bourque is hit by Marc-Edouard Vlasic and loses puck.
5:52 of 2nd period - Shot by Andrei Svechnikov.
5:52 of 2nd period - Goal by Andrei Svechnikov - REGINA FALCONS : 6 - SAN FRANCISCO SPIDERS : 4.
5:53 of 2nd period - Matt Hendricks wins face-off versus Brian Gibbons in neutral zone.
6:49 of 2nd period - Icing by Gabriel Bourque.
6:50 of 2nd period - Boone Jenner wins face-off versus Tomas Plekanec in SAN FRANCISCO SPIDERS zone.
7:03 of 2nd period - Shot by Andrei Svechnikov.
7:03 of 2nd period - Shot Misses the Net.
7:05 of 2nd period - Shot by Gabriel Bourque.
7:05 of 2nd period - Stopped by Frederik Andersen without a rebound.
7:06 of 2nd period - Nazem Kadri wins face-off versus Danton Heinen in REGINA FALCONS zone.
7:11 of 2nd period - Shot by Danton Heinen.
7:11 of 2nd period - Shot Misses the Net.
7:13 of 2nd period - Shot by Dominik Simon.
7:13 of 2nd period - Shot Misses the Net.
7:15 of 2nd period - Shot by Danton Heinen.
7:15 of 2nd period - Stopped by Frederik Andersen without a rebound.
7:16 of 2nd period - Boone Jenner wins face-off versus Ryan Getzlaf in REGINA FALCONS zone.
7:39 of 2nd period - Shot by Ryan Getzlaf.
7:39 of 2nd period - Stopped by Frederik Andersen without a rebound.
7:40 of 2nd period - Nazem Kadri wins face-off versus Tomas Plekanec in REGINA FALCONS zone.
8:46 of 2nd period - Shot by Ryan Getzlaf.
8:46 of 2nd period - Stopped by Frederik Andersen with a rebound.
10:09 of 2nd period - Icing by Josh Leivo.
10:10 of 2nd period - Ryan Getzlaf wins face-off versus Frederick Gaudreau in SAN FRANCISCO SPIDERS zone.
10:22 of 2nd period - Shot by Frederick Gaudreau.
10:22 of 2nd period - Stopped by Antti Niemi without a rebound.
10:23 of 2nd period - Tomas Plekanec wins face-off versus Nazem Kadri in SAN FRANCISCO SPIDERS zone.
10:23 of 2nd period - Tomas Plekanec is hit by Brandon Saad.
10:46 of 2nd period - Brandon Saad is hit by Tyler Wotherspoon and loses puck.
10:57 of 2nd period - Shot by Nazem Kadri.
10:57 of 2nd period - Shot Misses the Net.
11:46 of 2nd period - Shot by Josh Leivo.
11:46 of 2nd period - Shot Misses the Net.
12:03 of 2nd period - Shot by Ryan Getzlaf.
12:03 of 2nd period - Shot Misses the Net.
12:13 of 2nd period - Shot by Calle Jarnkrok.
12:13 of 2nd period - Shot Blocked by Joel Edmundson.
12:13 of 2nd period - Joel Edmundson from REGINA FALCONS is injured at 12:13 of 2nd period (Right Hand).
12:14 of 2nd period - Boone Jenner wins face-off versus Danton Heinen in REGINA FALCONS zone.
12:50 of 2nd period - Icing by Dominik Simon.
12:51 of 2nd period - Danton Heinen wins face-off versus Frederick Gaudreau in SAN FRANCISCO SPIDERS zone.
12:51 of 2nd period - Danton Heinen is hit by Blake Comeau.
12:58 of 2nd period - Sami Vatanen is hit by Seth Helgeson and loses puck.
13:12 of 2nd period - Brandon Saad is hit by Niko Mikkola and loses puck.
14:02 of 2nd period - Shot by David Pastrnak.
14:02 of 2nd period - Shot Misses the Net.
14:04 of 2nd period - Shot by Nazem Kadri.
14:04 of 2nd period - Shot Misses the Net.
14:06 of 2nd period - Shot by David Pastrnak.
14:06 of 2nd period - Shot Misses the Net.
14:08 of 2nd period - Shot by Ben Harpur.
14:08 of 2nd period - Shot Misses the Net.
14:10 of 2nd period - Shot by David Pastrnak.
14:10 of 2nd period - Stopped by Antti Niemi without a rebound.
14:11 of 2nd period - Tomas Plekanec wins face-off versus Brian Gibbons in SAN FRANCISCO SPIDERS zone.
14:25 of 2nd period - Icing by Andrei Svechnikov.
14:26 of 2nd period - Tomas Plekanec wins face-off versus Boone Jenner in SAN FRANCISCO SPIDERS zone.
14:26 of 2nd period - Tomas Plekanec is hit by Boone Jenner.
14:54 of 2nd period - Gabriel Bourque is hit by Max Pacioretty and loses puck.
15:01 of 2nd period - Shot by David Pastrnak.
15:01 of 2nd period - Stopped by Antti Niemi without a rebound.
15:02 of 2nd period - Frederick Gaudreau wins face-off versus Matt Hendricks in SAN FRANCISCO SPIDERS zone.
15:03 of 2nd period - Shot by Brandon Saad.
15:03 of 2nd period - Shot Misses the Net.
15:17 of 2nd period - Shot by Alexander Kerfoot.
15:17 of 2nd period - Shot Misses the Net.
18:20 of 2nd period - Icing by David Pastrnak.
18:21 of 2nd period - Boone Jenner wins face-off versus Matt Hendricks in REGINA FALCONS zone.
18:33 of 2nd period - Double Minor Penalty to Seth Helgeson for Roughing.
18:34 of 2nd period - Ryan Getzlaf wins face-off versus Nazem Kadri in SAN FRANCISCO SPIDERS zone.
18:34 of 2nd period - Ryan Getzlaf is hit by Blake Comeau.
19:38 of 2nd period - Shot by Max Pacioretty.
19:38 of 2nd period - Shot Misses the Net.
19:40 of 2nd period - Shot by David Pastrnak.
19:40 of 2nd period - Stopped by Antti Niemi without a rebound.
19:41 of 2nd period - Boone Jenner wins face-off versus Gabriel Bourque in SAN FRANCISCO SPIDERS zone.
19:48 of 2nd period - Shot by Blake Comeau.
19:48 of 2nd period - Shot Blocked by Danton Heinen.
19:50 of 2nd period - Shot by Marc-Edouard Vlasic.
19:50 of 2nd period - Shot Blocked by Sean Walker.
19:52 of 2nd period - Shot by Ron Hainsey.
19:52 of 2nd period - Shot Blocked by Tyler Wotherspoon.
19:54 of 2nd period - Shot by Ron Hainsey.
19:54 of 2nd period - Shot Blocked by Sean Walker.
19:56 of 2nd period - Shot by Ron Hainsey.
19:56 of 2nd period - Deflect By Max Pacioretty.
19:56 of 2nd period - Shot Misses the Net.
19:58 of 2nd period - Shot by Marc-Edouard Vlasic.
19:58 of 2nd period - Stopped by Antti Niemi without a rebound.
19:59 of 2nd period - Nazem Kadri wins face-off versus Gabriel Bourque in SAN FRANCISCO SPIDERS zone.
19:59 of 2nd period - David Pastrnak is hit by Tyler Wotherspoon and loses puck.
Goals for this period are 1 for REGINA FALCONS vs 2 for SAN FRANCISCO SPIDERS.
Shots for this period are 11 for REGINA FALCONS vs 8 for SAN FRANCISCO SPIDERS.

3rd period


0:01 of 3rd period - Nazem Kadri wins face-off versus Ryan Getzlaf in neutral zone.
0:27 of 3rd period - Icing by David Pastrnak.
0:28 of 3rd period - Nazem Kadri wins face-off versus Ryan Getzlaf in REGINA FALCONS zone.
0:41 of 3rd period - Danton Heinen is hit by David Pastrnak.
0:51 of 3rd period - Shot by David Pastrnak.
0:51 of 3rd period - Shot Misses the Net.
1:50 of 3rd period - Icing by Blake Comeau.
1:51 of 3rd period - Boone Jenner wins face-off versus Ryan Getzlaf in REGINA FALCONS zone.
2:37 of 3rd period - Shot by Matt Martin.
2:37 of 3rd period - Stopped by Antti Niemi with a rebound.
4:10 of 3rd period - Shot by Boone Jenner.
4:10 of 3rd period - Stopped by Antti Niemi with a rebound.
4:12 of 3rd period - Shot by Boone Jenner.
4:12 of 3rd period - Shot Misses the Net.
4:18 of 3rd period - Shot by Boone Jenner.
4:18 of 3rd period - Stopped by Antti Niemi without a rebound.
4:19 of 3rd period - Nazem Kadri wins face-off versus Matt Hendricks in SAN FRANCISCO SPIDERS zone.
4:22 of 3rd period - Shot by Brandon Saad.
4:22 of 3rd period - Stopped by Antti Niemi with a rebound.
4:34 of 3rd period - Nazem Kadri is hit by Sean Walker and loses puck.
4:41 of 3rd period - Marc-Edouard Vlasic is hit by Matt Hendricks and loses puck.
4:57 of 3rd period - Marc-Edouard Vlasic is hit by Tyler Wotherspoon and loses puck.
5:07 of 3rd period - Icing by Alexander Kerfoot.
5:08 of 3rd period - Boone Jenner wins face-off versus Matt Hendricks in SAN FRANCISCO SPIDERS zone.
5:39 of 3rd period - Danton Heinen is hit by Max Pacioretty and loses puck.
5:54 of 3rd period - Shot by Danton Heinen.
5:54 of 3rd period - Stopped by Frederik Andersen without a rebound.
5:55 of 3rd period - Ryan Getzlaf wins face-off versus Nazem Kadri in REGINA FALCONS zone.
6:06 of 3rd period - Shot by Josh Leivo.
6:06 of 3rd period - Stopped by Frederik Andersen without a rebound.
6:07 of 3rd period - Tomas Plekanec wins face-off versus Brian Gibbons in REGINA FALCONS zone.
7:13 of 3rd period - Shot by David Pastrnak.
7:13 of 3rd period - Shot Blocked by Danton Heinen.
7:15 of 3rd period - Shot by Boone Jenner.
7:15 of 3rd period - Shot Blocked by Dominik Simon.
7:17 of 3rd period - Shot by Max Pacioretty.
7:17 of 3rd period - Stopped by Antti Niemi without a rebound.
7:18 of 3rd period - Nazem Kadri wins face-off versus Ryan Getzlaf in SAN FRANCISCO SPIDERS zone.
7:23 of 3rd period - Shot by Brandon Saad.
7:23 of 3rd period - Stopped by Antti Niemi without a rebound.
7:24 of 3rd period - Ryan Getzlaf wins face-off versus Brandon Saad in SAN FRANCISCO SPIDERS zone.
7:35 of 3rd period - Shot by Josh Leivo.
7:35 of 3rd period - Stopped by Frederik Andersen without a rebound.
7:36 of 3rd period - Matt Hendricks wins face-off versus Boone Jenner in REGINA FALCONS zone.
7:59 of 3rd period - Shot by Boone Jenner.
7:59 of 3rd period - Stopped by Antti Niemi with a rebound.
8:01 of 3rd period - Shot by Boone Jenner.
8:01 of 3rd period - Stopped by Antti Niemi without a rebound.
8:02 of 3rd period - Tomas Plekanec wins face-off versus Nazem Kadri in SAN FRANCISCO SPIDERS zone.
8:55 of 3rd period - Shot by Josh Leivo.
8:55 of 3rd period - Shot Misses the Net.
9:05 of 3rd period - Shot by Josh Leivo.
9:05 of 3rd period - Stopped by Frederik Andersen with a rebound.
9:28 of 3rd period - Icing by Ryan Murray.
9:29 of 3rd period - Nazem Kadri wins face-off versus Danton Heinen in REGINA FALCONS zone.
9:33 of 3rd period - Patrik Laine is hit by Tyler Wotherspoon and loses puck.
11:38 of 3rd period - Icing by Blake Comeau.
11:39 of 3rd period - Brian Gibbons wins face-off versus Danton Heinen in REGINA FALCONS zone.
11:44 of 3rd period - Danton Heinen is hit by Matt Martin.
11:52 of 3rd period - Shot by Danton Heinen.
11:52 of 3rd period - Shot Misses the Net.
11:54 of 3rd period - Shot by Dominik Simon.
11:54 of 3rd period - Shot Misses the Net.
12:40 of 3rd period - Shot by Max Pacioretty.
12:40 of 3rd period - Shot Misses the Net.
12:42 of 3rd period - Shot by David Pastrnak.
12:42 of 3rd period - Shot Misses the Net.
12:47 of 3rd period - Icing by Ryan Getzlaf.
12:48 of 3rd period - Ryan Getzlaf wins face-off versus Nazem Kadri in SAN FRANCISCO SPIDERS zone.
12:56 of 3rd period - Shot by Ryan Getzlaf.
12:56 of 3rd period - Shot Blocked by Ryan Murray.
12:58 of 3rd period - Shot by Ryan Getzlaf.
12:58 of 3rd period - Shot Misses the Net.
13:00 of 3rd period - Shot by Ryan Getzlaf.
13:00 of 3rd period - Stopped by Frederik Andersen without a rebound.
13:01 of 3rd period - Tomas Plekanec wins face-off versus David Pastrnak in REGINA FALCONS zone.
14:10 of 3rd period - Shot by Ryan Getzlaf.
14:10 of 3rd period - Stopped by Frederik Andersen with a rebound.
14:16 of 3rd period - Shot by Alexander Kerfoot.
14:16 of 3rd period - Deflect By Ryan Getzlaf.
14:16 of 3rd period - Shot Misses the Net.
14:22 of 3rd period - Shot by Ryan Getzlaf.
14:22 of 3rd period - Stopped by Frederik Andersen without a rebound.
14:23 of 3rd period - Dominik Simon wins face-off versus Nazem Kadri in REGINA FALCONS zone.
14:43 of 3rd period - Shot by Nazem Kadri.
14:43 of 3rd period - Shot Blocked by Dominik Simon.
14:45 of 3rd period - Shot by Nazem Kadri.
14:45 of 3rd period - Stopped by Antti Niemi without a rebound.
14:46 of 3rd period - Ryan Getzlaf wins face-off versus Frederick Gaudreau in SAN FRANCISCO SPIDERS zone.
14:58 of 3rd period - Minor Penalty to Josh Leivo for Hooking.
14:59 of 3rd period - Ryan Getzlaf wins face-off versus Nazem Kadri in SAN FRANCISCO SPIDERS zone.
15:32 of 3rd period - Shot by David Pastrnak.
15:32 of 3rd period - Stopped by Antti Niemi with a rebound.
15:34 of 3rd period - Shot by Sami Vatanen.
15:34 of 3rd period - Stopped by Antti Niemi with a rebound.
15:36 of 3rd period - Shot by David Pastrnak.
15:36 of 3rd period - Shot Misses the Net.
15:38 of 3rd period - Shot by David Pastrnak.
15:38 of 3rd period - Goal by David Pastrnak - REGINA FALCONS : 7 - SAN FRANCISCO SPIDERS : 4.
15:39 of 3rd period - Danton Heinen wins face-off versus Frederick Gaudreau in neutral zone.
16:13 of 3rd period - Danton Heinen is hit by Ben Harpur and loses puck.
16:34 of 3rd period - Shot by Brian Gibbons.
16:34 of 3rd period - Shot Misses the Net.
17:29 of 3rd period - Icing by Ron Hainsey.
17:30 of 3rd period - Ryan Getzlaf wins face-off versus Nazem Kadri in REGINA FALCONS zone.
17:56 of 3rd period - Shot by Calle Jarnkrok.
17:56 of 3rd period - Shot Misses the Net.
17:58 of 3rd period - Shot by Ryan Getzlaf.
17:58 of 3rd period - Stopped by Frederik Andersen without a rebound.
17:59 of 3rd period - Tomas Plekanec wins face-off versus Boone Jenner in REGINA FALCONS zone.
19:52 of 3rd period - Shot by Patrik Laine.
19:52 of 3rd period - Shot Misses the Net.
19:54 of 3rd period - Shot by Marc-Edouard Vlasic.
19:54 of 3rd period - Shot Blocked by Ryan Getzlaf.
19:56 of 3rd period - Shot by Brandon Saad.
19:56 of 3rd period - Stopped by Antti Niemi without a rebound.
19:57 of 3rd period - Matt Hendricks wins face-off versus Frederick Gaudreau in SAN FRANCISCO SPIDERS zone.
Goals for this period are 1 for REGINA FALCONS vs 0 for SAN FRANCISCO SPIDERS.
Shots for this period are 13 for REGINA FALCONS vs 8 for SAN FRANCISCO SPIDERS.


DARCY
KUEMPER
JAKE
OETTINGER
NINO
NIEDERREITER

EAST COAST

HOCKEY LEAGUE

  • 1.CHI2QUE4
  • 2.LIM2CHA3
  • 3.LON3TRV5
  • 4.BAL5CHW6
  • 5.MANPIT
  • 6.NHWATL
  • 7.PETWOR
  • 8.RHI